 Dungeon Crawl Stone Soup version 0.30.1 (webtiles) character file.

Game seed: 5236526513386785971

90 cdecastro the Grasshopper (level 4, -1/38 HPs)
             Began as an Armataur Warper on July 2, 2023.
             Killed by nerve-wracking pain
             ... invoked by an orc priest
              (7 damage)
             ... on level 3 of the Dungeon.
             The game lasted 00:05:21 (1839 turns).

cdecastro the Grasshopper (Armataur Warper)         Turns: 1839, Time: 00:05:23

Health: -1/38      AC:  5    Str: 18    XL:     4   Next: 32%
Magic:  6/6        EV:  9    Int: 14    God:
Gold:   142        SH:  5    Dex:  9    Spells: 6/6 levels left

rFire   . . .        a - +0 mace
rCold   . . .        (no shield)
rNeg    . . .        b - +0 leather armour
rPois   .            (no helmet)
rElec   .            (no cloak)
rCorr   .            k - +0 pair of gloves
SInv    .            (no barding)
Will    .....        e - amulet of reflection
Stlth   +            (no ring)
HPRegen 0.26/turn    (no ring)
MPRegen 0.10/turn

%: reflection, roll
@: no status effects
A: large, rugged brown scales 3, deformed body, armoured tail, roll, long
tongue, awkward tongue
a: no special abilities


You were on level 3 of the Dungeon.
You visited 1 branch of the dungeon, and saw 3 of its levels.

You collected 142 gold pieces.

Inventory:

Hand Weapons
 a - a +0 mace (weapon)
Missiles
 d - 6 boomerangs of dispersal (quivered)
 r - 8 poisoned darts
Armour
 b - a +0 leather armour (worn)
 f - a +0 plate armour
 k - a +0 pair of gloves (worn)
Jewellery
 e - an amulet of reflection (around neck)
 q - an amulet of faith
Scrolls
 c - a scroll of blinking
 g - a scroll of identify {unknown}
 h - a scroll of teleportation {unknown}
 j - a scroll of summoning {unknown}
 l - a scroll of immolation {unknown}
 o - a scroll of enchant armour {unknown}
 s - a scroll of vulnerability {unknown}
 t - a scroll of silence {unknown}
Potions
 i - 2 potions of lignification {unknown}
 m - a potion of resistance {unknown}
 n - a potion of brilliance {unknown}
 p - a potion of haste {unknown}


   Skills:
 - Level 1.7 Fighting
 + Level 2.7 Maces & Flails
 - Level 0.8 Throwing
 - Level 1.2 Armour
 - Level 1.3 Dodging
 - Level 1.7 Spellcasting
 * Level 4.6 Translocations


You had 6 spell levels left.
You didn't know any spells.
Your spell library contained the following spells:

 Spells                   Type           Power      Damage    Failure   Level
 Blink                    Tloc           28%        N/A       7%          2
 Lesser Beckoning         Tloc           28%        N/A       7%          2
 Teleport Other           Tloc           14%        N/A       13%         3
 Portal Projectile        Hex/Tloc       14%        N/A       32%         3
 Vhi's Electric Charge    Tloc/Air       14%        N/A       32%         3
 Manifold Assault         Tloc           14%        N/A       41%         4
 Tukima's Dance           Hex            1%         N/A       65%         3
 Blade Hands              Tmut           0%         N/A       100%        5


Dungeon Overview and Level Annotations

Branches:
Dungeon (3/15)

Altars:

Annotations:
D:3 2 runed translucent doors, yourlovingmother's ghost, amateur KoBr


Innate Abilities, Weirdness & Mutations

You are completely covered in rugged brown scales. (AC +3, +7% HP)
Armour fits poorly on your strangely shaped body.
You have a long armoured tail.
You roll when moving toward enemies. (Rampage)
Your long tongue fully drains potion bottles. (2x potion effects)
Your tongue gives you trouble enunciating. (1.5x scroll delay)


Message History

t - a scroll labelled TUKHLETW HIMYA
r - 8 poisoned darts (gained 3)
You open the door.
There is an open door here.
A ball python and 2 orcs come into view.
Found a flail.
The ball python hisses angrily.
The orc shouts! x2; You hear a shout!
An orc priest comes into view. It is wielding a +0 war axe.
An orc comes into view. It is wielding a +0 mace.
There are monsters nearby!
The orc priest calls down the wrath of Beogh upon you.
Beogh smites you!
You hear a shout!
The orc priest invokes the aid of Beogh against you.
Beogh smites you!
* * * LOW HITPOINT WARNING * * *
The orc priest looks encouraged for a moment.
There is an open door here.
Okay, then.
Unknown command.
You closely miss the orc. You tail-slap the orc!
You kill the orc!
You hit the ball python.
You kill the ball python!
The orc priest hits you with a +0 war axe.
* * * LOW HITPOINT WARNING * * *
Things that are here:
a +0 mace; a +0 leather armour; a ball python corpse You thump the orc priest!
The orc priest is heavily wounded.
The orc hits you but does no damage.
The orc priest hits you with a +0 war axe.
* * * LOW HITPOINT WARNING * * *
You hit the orc priest but do no damage.
Your tail-slap misses the orc priest.
The orc priest is heavily wounded.
The orc barely misses you.
The orc priest calls down the wrath of Beogh upon you.
Pain shoots through your body!
You die... .....##...##.##..#.###.## ....#.oo..##..#####..##..## .oo

####.##...........##..#
.) #..S..8..>..8†.)'..#
o #.##...........##..#
#..##..#####..###.##
##.###.# #.## ..#
#...#o# #+# .###
###.@o# . ##### #


You could see an orc priest and an orc.

Vanquished Creatures
  3 adders
  A worm (D:2)
  4 dart slugs
  An orc (D:3)
  7 endoplasms
  4 giant cockroaches
  6 goblins
  6 hobgoblins
  A kobold (D:1)
  3 ball pythons
  4 bats
  4 frilled lizards
  5 rats
49 creatures vanquished.

Notes
Turn   | Place    | Note
-------+----------+-------------------------------------------
     0 | D:1      | cdecastro the Armataur Warper began the quest for the Orb.
     0 | D:1      | Reached XP level 1. HP: 18/18 MP: 3/3
   161 | D:1      | Reached XP level 2. HP: 25/25 MP: 4/4
   781 | D:1      | Reached XP level 3. HP: 31/31 MP: 5/5
  1065 | D:2      | Reached skill level 4 in Translocations
  1452 | D:2      | Reached XP level 4. HP: 36/38 MP: 6/6
  1669 | D:3      | Found a runed translucent door.
  1670 | D:3      | Noticed yourlovingmother's ghost (amateur KoBr)
  1703 | D:3      | Found a runed translucent door.
  1839 | D:3      | Killed from afar by an orc priest

Illustrated notes

Levels and vault maps discovered:
D:1:      dpeg_arrival_castle, layout_loops_ring
D:2:      layout_loops_cross, grunt_decor_fettered,
          nicolae_concentric_dashed_squares_mild
D:3:      layout_rooms, bloody_makhleb, ebering_ghost_sewer_f,
          serial_park_tiny_1, grunt_ministairs_15, reono_crystal_passage,
          supply_closet_lemuel, uniq_jessica, uniq_ijyb, uniq_terence,
          uniq_crazy_yiuf_cottage

Skill      XL: |  1  2  3 |
---------------+----------+-----
Maces & Flails | 2 |  2.7
Translocations | 4 |  4.6
Fighting       | |  1.7
Throwing       | |  0.8
Armour         | |  1.2
Dodging        | |  1.3
Spellcasting   | |  1.7

Action                     |  1- 3 |  4- 6 || total
---------------------------+-------+-------++-------
  Melee: Mace              |   124 |    24 ||   148
         Tailslap          |    13 |     3 ||    16
  Throw: Boomerang         |     1 |       ||     1
 Armour: Leather armour    |    40 |     5 ||    45
  Dodge: Dodged            |    47 |    11 ||    58
  Block: Other             |    30 |     4 ||    34
         Reflection        |     1 |       ||     1
